 Dungeon Crawl Stone Soup version 0.28.0 (webtiles) character file.

Game seed: 7175064593909964330

310 KamiKatze the Shield-Bearer (level 6, -5/49 HPs)
             Began as a Formicid Fighter on Feb 14, 2022.
             Was a Follower of Vehumet.
             Slain by a black bear (6 damage)
             ... on level 3 of the Dungeon.
             The game lasted 00:06:48 (1850 turns).

KamiKatze the Shield-Bearer (Formicid Fighter)      Turns: 1850, Time: 00:06:49

Health: -5/49      AC:  6    Str: 23    XL:     6   Next: 70%
Magic:  6/6        EV:  9    Int:  7    God:    Vehumet [*.....]
Gold:   98         SH:  5    Dex: 10    Spells: 5/5 levels left

rFire   . . .      SeeInvis +   a - +0 war axe
rCold   . . .      Faith    .   c - +0 buckler
rNeg    . . .      Spirit   .   b - +0 scale mail
rPois   .          Reflect  .   (helmet unavailable)
rElec   .          Harm     .   (no cloak)
rCorr   +          Rampage  .   (no gloves)
Will    .....                   (no boots)
Stlth   ..........              (no amulet)
HPRegen 0.16/turn               k - ring of resist corrosion
MPRegen 0.10/turn               (no ring)

@: no status effects
A: permanent stasis, dig shafts and tunnels, antennae 3, four strong arms
a: Dig, Shaft Self, Renounce Religion


You were on level 3 of the Dungeon.
You worshipped Vehumet.
Vehumet was aware of your devotion.
You visited 1 branch of the dungeon, and saw 3 of its levels.

You collected 98 gold pieces.

Inventory:

Hand Weapons
 a - a +0 war axe (weapon)
Missiles
 f - 11 stones
Armour
 b - a +0 scale mail (worn)
 c - a +0 buckler (worn)
 j - a +0 pair of gloves
Jewellery
 k - a ring of resist corrosion (left hand)
Scrolls
 g - 2 scrolls of identify {unknown}
 l - a scroll of blinking {unknown}
 m - a scroll of enchant armour {unknown}
Potions
 d - a potion of mutation {unknown}
 e - a potion of lignification {unknown}
 h - 2 potions of heal wounds {unknown}
 i - a potion of curing {unknown}
 n - a potion of attraction {unknown}


   Skills:
 + Level 4.7 Fighting
 * Level 4.6 Axes
 - Level 3.2 Armour
 + Level 5.4 Shields


You had 5 spell levels left.
You didn't know any spells.
Your spell library contained the following spells:

 Spells                   Type           Power      Damage    Failure   Level
 Shock                    Conj/Air       0%         1d3       80%         1
 Fulminant Prism          Conj/Hex       0%         3d6       100%        4
 Iskenderun's Mystic Bla  Conj/Tloc      0%         2d3       100%        4
 Lee's Rapid Deconstruct  Erth           0%         3d5*      100%        5


Dungeon Overview and Level Annotations

Branches:
Dungeon (3/15)

Altars:
Vehumet

Annotations:
D:3 1 transporter


Innate Abilities, Weirdness & Mutations

You cannot be hasted, slowed, berserked, paralysed or teleported.
You can dig through walls and to a lower floor.
You have a pair of large antennae on your head. (SInv)
Your four strong arms can wield two-handed weapons with a shield.


Message History

You slash the black bear!
The black bear is almost dead.
The black bear goes berserk!
You hit the black bear.
The black bear is almost dead.
The black bear bites you.
The black bear claws you but does no damage.
The black bear barely misses you. The black bear bites you.
The black bear claws you. The black bear barely misses you.
You are too injured to fight recklessly!
You hit the black bear.
The black bear is almost dead.
The black bear completely misses you.
The black bear claws you but does no damage.
The black bear barely misses you. The black bear bites you!
* * * LOW HITPOINT WARNING * * *
The black bear claws you but does no damage. x2
You barely miss the black bear.
The black bear is almost dead.
The black bear barely misses you.
The black bear claws you but does no damage.
The black bear barely misses you.
The black bear bites you but does no damage.
The black bear claws you but does no damage.
The black bear completely misses you.
You closely miss the black bear.
The black bear is almost dead.
The black bear barely misses you. The black bear claws you.
* * * LOW HITPOINT WARNING * * *
The black bear claws you but does no damage.
The black bear bites you!
* * * LOW HITPOINT WARNING * * *
The black bear claws you but does no damage.
The black bear barely misses you.
You hit the black bear.
The black bear is almost dead.
The black bear bites you!
* * * LOW HITPOINT WARNING * * *
The black bear misses you. The black bear claws you.
You die...

#......†##......#
#.......##......#
#.......#..######
#.....##.##
##...##..# .......
####....## ........#
##....####
#.......####..####
.###.[.....##h@.##
..............###
...#..........#
##...........##
#...............#
....#.........#.###
..........###<#...##
....###.#...#.###..##
.
#....##..##....###h.#
...


You could see a black bear (berserk).

Vanquished Creatures
  Sigmund (D:2)
  Terence (D:2)
  7 adders
  3 dart slugs
  5 endoplasms
  3 giant cockroaches
  6 goblins
  2 hobgoblins
  2 quokkas
  11 ball pythons
  6 bats
  3 frilled lizards (D:2)
  4 kobolds
  6 rats
  A spectral hobgoblin (D:2)
61 creatures vanquished.

Vanquished Creatures (others)
  A fungus (D:2)
1 creature vanquished.

Grand Total: 62 creatures vanquished

Notes
Turn   | Place    | Note
-------+----------+-------------------------------------------
     0 | D:1      | KamiKatze the Formicid Fighter began the quest for the Orb.
     0 | D:1      | Reached XP level 1. HP: 18/18 MP: 1/1
   105 | D:1      | Reached XP level 2. HP: 21/24 MP: 2/2
   126 | D:1      | Reached skill level 4 in Shields
   293 | D:1      | Reached XP level 3. HP: 27/29 MP: 3/3
   911 | D:2      | Found a faded altar of an unknown god.
   953 | D:2      | Reached XP level 4. HP: 8/37 MP: 4/4
  1314 | D:2      | Prayed at the altar of an unknown god.
  1314 | D:2      | Became a worshipper of Vehumet
  1314 | D:2      | Reached * piety under Vehumet
  1314 | D:2      | Offered knowledge of Shock by Vehumet.
  1322 | D:2      | Noticed Terence
  1334 | D:2      | Killed Terence
  1350 | D:2      | Reached XP level 5. HP: 39/42 MP: 5/5
  1483 | D:2      | Noticed Sigmund
  1491 | D:2      | Killed Sigmund
  1492 | D:2      | Reached skill level 5 in Shields
  1492 | D:2      | Reached XP level 6. HP: 19/49 MP: 6/6
  1755 | D:3      | Found a transporter.
  1784 | D:3      | Noticed a black bear
  1850 | D:3      | HP: 1/49 [black bear (8)]
  1850 | D:3      | Slain by a black bear

Illustrated notes

Levels and vault maps discovered:
D:1:      erik_arrival_triangle_small, layout_basic
D:2:      layout_rooms, dreamdust_ecumenical_altar_drowned_temple,
          chequers_mini_garden, minmay_shallow_snake_nest, uniq_sigmund,
          uniq_terence
D:3:      layout_rooms, gammafunk_ghost_arena, nrook_loot_triangle,
          item_on_display_a

Skill      XL: |  1  2  3  4  5 |
---------------+----------------+-----
Shields        | 4 5 |  5.4
Axes           | 3 4 |  4.6
Fighting       | 4 |  4.7
Armour         | |  3.2

Action                   |  1- 3 |  4- 6 || total
-------------------------+-------+-------++-------
Melee: War axe           |   109 |    66 ||   175
  Use: Potion            |       |     1 ||     1
Armor: Scale mail        |    68 |    43 ||   111
Dodge: Dodged            |    56 |    46 ||   102
Block: Buckler           |    27 |    18 ||    45
